AoeStats
← T R A B U C O

Arena

504836319Analyzed
4v4 RM · 27d ago on Sep 6, 2026· 47m 43s· 8 players
Game mode
Random Map
Map size
Large (8 player)
Population
200
Speed
Normal
Resources
Standard
Victory
Conquest
Starting age
Dark Age
Ending age
Imperial Age
RankedLock teamsTeams togetherTeam positionsShared explorationLock speedFull tech treeHidden civsTurbo modeCheats
Victory
Defeat
🇧🇷 Khmer · Brazil
1284
+13
🇧🇷 Bohemians · Brazil
1278
+13
🇧🇷 Turks · Brazil
1234
+15
🇧🇷 Franks · Brazil
1144
+19
🇹🇭 Berbers · Thailand
1255
-17
🇲🇽 Japanese · Mexico
1247
-16
🇲🇽 Bohemians · Mexico
1195
-14
🇲🇽 Vikings · Mexico
1173
-13
[GDL] HANNIBAL
11:21 Feudal Age
15:16 Castle Age
13:42 Double-Bit Axe
13:39 Horse Collar
14:46 Scale Mail Armor
15:49 Forging
16:43 Squires
22:47 Chain Mail Armor
26:02 Town Watch
27:23 Loom
31:32 Iron Casting
32:13 Stone Mining
32:21 Gold Mining
34:54 Wheelbarrow
34:46 Fortified Wall
35:53 Light Cavalry
36:44 Bloodlines
38:57 Bow Saw
44:32 Heavy Plow
Ux'RaulitoMD
11:30 Feudal Age
15:15 Castle Age
13:15 Double-Bit Axe
13:35 Horse Collar
13:46 Loom
15:54 Wheelbarrow
15:10 Town Watch
19:02 Fervor
25:15 Fletching
26:24 Bodkin Arrow
30:01 Imperial Age
27:52 Hand Cart
28:31 Sanctity
28:38 Bow Saw
28:35 Heavy Plow
29:55 Chemistry
29:16 Ballistics
29:08 Masonry
29:54 Padded Archer Armor
29:55 Scale Mail Armor
30:05 Forging
31:33 Bracer
31:49 Leather Archer Armor
31:50 Chain Mail Armor
32:14 Conscription
31:50 Elite Skirmisher
32:33 Pikeman
32:59 Arson
33:15 Squires
33:02 Halberdier
35:17 Architecture
34:43 Murder Holes
37:33 Ring Archer Armor
37:34 Plate Mail Armor
36:57 Crossbowman
38:55 Iron Casting
42:50 Two-Man Saw
43:00 Bombard Tower
43:36 Houfnice
43:46 Man-at-Arms
JM-POL
11:08 Feudal Age
15:31 Castle Age
13:48 Horse Collar
14:13 Double-Bit Axe
14:47 Gold Mining
17:05 Bow Saw
16:59 Heavy Plow
18:38 Loom
22:31 Gold Shaft Mining
21:53 Stone Mining
25:03 Forging
24:55 Scale Mail Armor
28:15 Imperial Age
26:40 Chain Mail Armor
27:00 Iron Casting
27:25 Squires
27:11 Arson
27:43 Chieftains
29:59 Two-Man Saw
29:30 Crop Rotation
29:26 Conscription
29:37 Plate Mail Armor
30:18 Blast Furnace
29:59 Elite Berserk
34:03 Fletching
34:14 Padded Archer Armor
35:41 Bodkin Arrow
36:05 Leather Archer Armor
36:47 Bracer
38:39 Ring Archer Armor
44:24 Ballistics
45:06 Chemistry
Stinkin Hippy
11:31 Feudal Age
12:30 Loom
12:40 Double-Bit Axe
13:19 Double-Bit Axe
15:52 Castle Age
13:45 Horse Collar
15:41 Scale Barding Armor
17:22 Bow Saw
21:40 Bloodlines
24:51 Wheelbarrow
25:14 Husbandry
25:18 Gold Mining
25:48 Forging
26:40 Hand Cart
26:50 Heavy Plow
27:23 Stone Mining
30:01 Chain Barding Armor
31:26 Iron Casting
34:59 Imperial Age
34:02 Fletching
35:06 Gold Shaft Mining
35:08 Stone Shaft Mining
34:55 Light Cavalry
35:13 Cavalier
36:30 Plate Barding Armor
39:35 Conscription
40:48 Blast Furnace
39:44 Bodkin Arrow
41:26 Heavy Camel Rider
43:59 Bracer
44:27 Ballistics
47:33 Chemistry
47:53 Padded Archer Armor
BYD Carburado
11:20 Feudal Age
16:00 Castle Age
13:49 Loom
21:49 Imperial Age
19:45 Horse Collar
30:52 Double-Bit Axe
41:17 Padded Archer Armor
T R A B U C O
9:47 Loom
11:33 Feudal Age
14:55 Castle Age
13:04 Double-Bit Axe
13:13 Horse Collar
14:34 Scale Barding Armor
14:42 Bloodlines
15:56 Husbandry
19:25 Forging
26:59 Heavy Plow
27:16 Gold Mining
28:22 Chain Barding Armor
30:04 Iron Casting
33:09 Gold Shaft Mining
36:08 Wheelbarrow
41:33 Imperial Age
40:13 Tusk Swords
40:11 Stone Mining
43:14 Plate Barding Armor
43:40 Blast Furnace
43:13 Elite Battle Elephant
47:41 Conscription
48:14 Hand Cart
Makarov99
3:37 Loom
11:26 Feudal Age
16:50 Castle Age
15:12 Double-Bit Axe
18:16 Bow Saw
21:57 Wheelbarrow
30:34 Imperial Age
28:36 Hand Cart
28:31 Husbandry
28:40 Scale Barding Armor
28:57 Forging
29:06 Town Watch
29:50 Chain Barding Armor
31:55 Plate Barding Armor
30:48 Cavalier
32:30 Scale Mail Armor
32:45 Town Patrol
36:09 Chemistry
35:02 Gold Mining
35:03 Stone Mining
36:56 Iron Casting
36:14 Pikeman
36:54 Squires
36:40 Gambesons
36:36 Paladin
39:01 Chain Mail Armor
39:01 Chivalry
39:22 Conscription
40:14 Gold Shaft Mining
40:41 Ballistics
42:25 Blast Furnace
47:59 Plate Mail Armor
47:30 Padded Archer Armor
Curupira
10:04 Feudal Age
14:17 Castle Age
12:37 Double-Bit Axe
12:57 Horse Collar
15:22 Bow Saw
16:09 Fervor
17:45 Loom
20:44 Town Watch
21:35 Wheelbarrow
22:19 Wheelbarrow
25:42 Hand Cart
27:18 Chemistry
29:27 Imperial Age
28:12 Chemistry
29:24 Fortified Wall
31:22 Two-Man Saw
30:50 Conscription
31:41 Wagenburg Tactics
31:22 Elite Skirmisher
34:46 Wagenburg Tactics
34:53 Forging
34:44 Scale Mail Armor
34:34 Fletching
35:07 Ballistics
34:53 Siege Engineers
36:13 Iron Casting
36:01 Heavy Plow
37:19 Chain Mail Armor
37:00 Bodkin Arrow
38:55 Masonry
39:47 Blast Furnace
38:48 Padded Archer Armor
39:11 Pikeman
39:52 Squires
39:37 Arson
41:11 Plate Mail Armor
41:21 Houfnice
43:13 Bracer
42:45 Elite Hussite Wagon
47:21 Town Patrol
48:28 Architecture
47:40 Treadmill Crane
Connection lost

Rejoining the realm…

Still unreachable

The connection could not be restored.

Session expired

The server has moved on; the page needs a fresh start.